| TOP OF THE 1ST |
|
Spokane Indians batting - Pitching for Tri-City ValleyCats : RHP Josh Willig
|
|
Pitching: RHP Josh Willig
|
|
|
Batting: RHB Melvin Gomez
|
0-0: Ball 1-0: Called Strike 1-1: Called Strike 1-2: Ball 2-2: Ball 3-2: Base on Balls
|
|
Batting: RHB Jerry Castillo
|
0-0: Called Strike Melvin Gomez steals 2nd base 0-1: Ground out 6-3 (Groundball, 6, EV 83.8 MPH) Melvin Gomez to third
|
|
Batting: RHB Matthew Starr
|
0-0: Ball 1-0: Swinging Strike 1-1: Ball 2-1: Ball 3-1: Base on Balls
|
|
Batting: RHB Dale Aubrey
|
0-0: Foul Ball, location: 2F 0-1: Called Strike 0-2: Ball 1-2: Fielders Choice at 2nd, 6-4 (Groundball, 6, EV 81.9 MPH) Melvin Gomez scores
|
|
Batting: LHB Matt Patnaude
|
0-0: Ball 1-0: Called Strike 1-1: Ball 2-1: Foul Ball, location: 2F 2-2: Ball 3-2: Foul Ball, location: 2F 3-2: Base on Balls Dale Aubrey to second
|
|
Batting: RHB Antonio Morado
|
0-0: Ball 1-0: Called Strike 1-1: Fielders Choice at 2nd, 6-4 (Groundball, 6, EV 84.4 MPH)
|
| Top of the 1st over - 1 run, 0 hits, 0 errors, 2 left on base; Spokane 1 - Tri-City 0 |
| BOTTOM OF THE 1ST |
|
Tri-City ValleyCats batting - Pitching for Spokane Indians : RHP Brian Ramirez
|
|
Pitching: RHP Brian Ramirez
|
|
|
Batting: LHB Lou Toth
|
0-0: Ball 1-0: Called Strike 1-1: Swinging Strike 1-2: Strikes out swinging
|
|
Batting: RHB Patrick Pinault
|
0-0: Ball 1-0: Ball 2-0: Ball 3-0: Base on Balls
|
|
Batting: LHB Wade Girard
|
0-0: Ball Patrick Pinault steals 2nd, throwing error, E2 Patrick Pinault to third 1-0: Called Strike 1-1: Ground out 6-3 (Groundball, 6M, EV 104.4 MPH) Patrick Pinault scores
|
|
Batting: RHB Josh Broome
|
0-0: Ball 1-0: Foul Ball, location: 2F 1-1: Ball 2-1: SINGLE (Groundball, 5S, EV 71.9 MPH) (infield hit)
|
|
Batting: RHB Drew Coleman
|
0-0: Ball 1-0: Called Strike 1-1: Ball 2-1: SINGLE (Groundball, 56D, EV 108.1 MPH) Josh Broome to second
|
|
Batting: SHB Terciero Ortiz
|
0-0: Called Strike 0-1: Called Strike 0-2: Foul Ball, location: 2F 0-2: Fly out, F7 (Line Drive, 7LM, EV 97.5 MPH)
|
| Bottom of the 1st over - 1 run, 2 hits, 1 error, 2 left on base; Spokane 1 - Tri-City 1 |
| TOP OF THE 2ND |
|
Spokane Indians batting - Pitching for Tri-City ValleyCats : RHP Josh Willig
|
|
Batting: LHB Sumiki Okuhara
|
0-0: Called Strike 0-1: Ball 1-1: Ball 2-1: Foul Ball, location: 2F 2-2: Ball 3-2: Foul Ball, location: 2F 3-2: Foul Ball, location: 2F 3-2: Ground out 5-3 (Groundball, 25, EV 85.0 MPH)
|
|
Batting: RHB Zach Koblinski
|
0-0: Foul Ball, location: 2F 0-1: Ball 1-1: Ball 2-1: Ball 3-1: Foul Ball, location: 2F 3-2: Strikes out swinging
|
|
Batting: SHB Brace Harper
|
0-0: Called Strike 0-1: SINGLE (Groundball, 4S, EV 67.5 MPH) (infield hit)
|
|
Batting: RHB Melvin Gomez
|
0-0: Ball 1-0: Ground out 6-3 (Groundball, P, EV 90.0 MPH)
|
| Top of the 2nd over - 0 runs, 1 hit, 0 errors, 1 left on base; Spokane 1 - Tri-City 1 |
| BOTTOM OF THE 2ND |
|
Tri-City ValleyCats batting - Pitching for Spokane Indians : RHP Brian Ramirez
|
|
Batting: RHB Jason Monico
|
0-0: Foul Ball, location: 2F 0-1: Called Strike 0-2: Ball 1-2: Foul Ball, location: 2F 1-2: Strikes out looking
|
|
Batting: RHB John Moore
|
0-0: Ball 1-0: Called Strike 1-1: Called Strike 1-2: Ground out 4-3 (Groundball, 4, EV 81.9 MPH)
|
|
Batting: RHB Roberto Rios
|
0-0: Called Strike 0-1: Ball 1-1: Swinging Strike 1-2: Ball 2-2: Strikes out swinging
|
| Bottom of the 2nd over - 0 runs, 0 hits, 0 errors, 0 left on base; Spokane 1 - Tri-City 1 |
| TOP OF THE 3RD |
|
Spokane Indians batting - Pitching for Tri-City ValleyCats : RHP Josh Willig
|
|
Batting: RHB Jerry Castillo
|
0-0: Ball 1-0: Ball 2-0: Foul Ball, location: 2F 2-1: Ball 3-1: Called Strike 3-2: Ground out 6-3 (Groundball, 6, EV 83.8 MPH)
|
|
Batting: RHB Matthew Starr
|
0-0: Ball 1-0: Ball 2-0: SINGLE (Groundball, 56D, EV 103.8 MPH)
|
|
Batting: RHB Dale Aubrey
|
0-0: Ball Matthew Starr steals 2nd base 1-0: Called Strike 1-1: Foul Ball, location: 2F 1-2: Ball 2-2: Ground out U3 (Groundball, 34, EV 80.6 MPH) Matthew Starr to third
|
|
Batting: LHB Matt Patnaude
|
0-0: Called Strike 0-1: Reached on error, E4 (Groundball, 4, EV 85.0 MPH) Matthew Starr scores
|
|
Batting: RHB Antonio Morado
|
0-0: Ball 1-0: Ball 2-0: Swinging Strike 2-1: Ball 3-1: Called Strike 3-2: Strikes out swinging
|
| Top of the 3rd over - 1 run, 1 hit, 1 error, 1 left on base; Spokane 2 - Tri-City 1 |
| BOTTOM OF THE 3RD |
|
Tri-City ValleyCats batting - Pitching for Spokane Indians : RHP Brian Ramirez
|
|
Batting: LHB Lou Toth
|
0-0: Swinging Strike 0-1: Ball 1-1: Swinging Strike 1-2: Ball 2-2: Ball 3-2: SINGLE (Groundball, 5D, EV 101.9 MPH)
|
|
Batting: RHB Patrick Pinault
|
0-0: Called Strike 0-1: Ball Pickoff Throw to First - Out! 1-3 CS 1-1: Swinging Strike 1-2: Foul Ball, location: 2F 1-2: Ball 2-2: Fly out, F6 (Line Drive, 6M, EV 66.9 MPH)
|
|
Batting: LHB Wade Girard
|
0-0: Ball 1-0: Ball 2-0: Called Strike 2-1: Ground out 6-3 (Groundball, 6MS, EV 69.4 MPH)
|
| Bottom of the 3rd over - 0 runs, 1 hit, 0 errors, 0 left on base; Spokane 2 - Tri-City 1 |
| TOP OF THE 4TH |
|
Spokane Indians batting - Pitching for Tri-City ValleyCats : RHP Josh Willig
|
|
Batting: LHB Sumiki Okuhara
|
0-0: Ball 1-0: Ball 2-0: Ground out 4-3 (Groundball, 4, EV 88.8 MPH)
|
|
Batting: RHB Zach Koblinski
|
0-0: Ball 1-0: Ground out 6-3 (Groundball, 6, EV 85.6 MPH)
|
|
Batting: SHB Brace Harper
|
0-0: Ball 1-0: Ball 2-0: Called Strike 2-1: Ball 3-1: Foul Ball, location: 2F 3-2: Foul Ball, location: 2F 3-2: Foul Ball, location: 2F 3-2: Base on Balls
|
|
Batting: RHB Melvin Gomez
|
0-0: Called Strike 0-1: Ball 1-1: Foul Ball, location: 2F 1-2: Ball 2-2: Foul Ball, location: 2F 2-2: Strikes out swinging, 2-3 out at first.
|
| Top of the 4th over - 0 runs, 0 hits, 0 errors, 1 left on base; Spokane 2 - Tri-City 1 |
| BOTTOM OF THE 4TH |
|
Tri-City ValleyCats batting - Pitching for Spokane Indians : RHP Brian Ramirez
|
|
Batting: RHB Josh Broome
|
0-0: Called Strike 0-1: Swinging Strike 0-2: Ball 1-2: Ball 2-2: Ball 3-2: Foul Ball, location: 2F 3-2: Foul Ball, location: 2F 3-2: Base on Balls
|
|
Batting: RHB Drew Coleman
|
0-0: Ball Wild Pitch! Josh Broome to second 1-0: Foul Ball, location: 2F 1-1: Foul Ball, location: 2F 1-2: Ball 2-2: Ball 3-2: Base on Balls
|
|
Batting: SHB Terciero Ortiz
|
0-0: Ball 1-0: Ball 2-0: Ball 3-0: Base on Balls Josh Broome to third Drew Coleman to second
|
|
Batting: RHB Jason Monico
|
0-0: Called Strike 0-1: Grounds into double play, 6-4-3 (Groundball, 6MD, EV 100.0 MPH) Josh Broome scores Drew Coleman to third
|
|
Batting: RHB John Moore
|
0-0: Ball 1-0: Ground out 1-3 (Groundball, 13S, EV 68.1 MPH)
|
| Bottom of the 4th over - 1 run, 0 hits, 0 errors, 1 left on base; Spokane 2 - Tri-City 2 |
| TOP OF THE 5TH |
|
Spokane Indians batting - Pitching for Tri-City ValleyCats : RHP Josh Willig
|
|
Batting: RHB Jerry Castillo
|
0-0: Called Strike 0-1: Called Strike 0-2: Ball 1-2: Ball 2-2: Ball 3-2: SINGLE (Flyball, 78S, EV 101.2 MPH)
|
|
Batting: RHB Matthew Starr
|
0-0: Ball 1-0: Fly out, F6 (Popup, 4MD, EV 54.4 MPH)
|
|
Batting: RHB Dale Aubrey
|
0-0: Called Strike 0-1: SINGLE (Groundball, 6M, EV 83.1 MPH) (infield hit) Jerry Castillo to second
|
|
Batting: LHB Matt Patnaude
|
0-0: Fielders Choice at 2nd, 3-6 (Groundball, 3, EV 85.6 MPH) Jerry Castillo to third
|
|
Batting: RHB Antonio Morado
|
0-0: Fly out, F8 (Flyball, 8RD, EV 80.6 MPH)
|
| Top of the 5th over - 0 runs, 2 hits, 0 errors, 2 left on base; Spokane 2 - Tri-City 2 |
| BOTTOM OF THE 5TH |
|
Tri-City ValleyCats batting - Pitching for Spokane Indians : RHP Brian Ramirez
|
|
Batting: RHB Roberto Rios
|
0-0: Ball 1-0: Swinging Strike 1-1: Foul Ball, location: 2F 1-2: Foul Ball, location: 2F 1-2: Foul Ball, location: 2F 1-2: Ground out 5-3 (Groundball, 56S, EV 88.1 MPH)
|
|
Batting: LHB Lou Toth
|
0-0: Called Strike 0-1: Foul Ball, location: 2F 0-2: Ball 1-2: Strikes out swinging
|
|
Batting: RHB Patrick Pinault
|
0-0: Called Strike 0-1: Called Strike 0-2: Strikes out looking
|
| Bottom of the 5th over - 0 runs, 0 hits, 0 errors, 0 left on base; Spokane 2 - Tri-City 2 |
| TOP OF THE 6TH |
|
Spokane Indians batting - Pitching for Tri-City ValleyCats : RHP Josh Willig
|
|
Batting: LHB Sumiki Okuhara
|
0-0: Foul Ball, location: 2F 0-1: Called Strike 0-2: Foul Ball, location: 2F 0-2: Strikes out swinging
|
|
Pitching: RHP Max Warburton
|
|
|
Batting: RHB Zach Koblinski
|
0-0: Swinging Strike 0-1: Swinging Strike 0-2: Strikes out swinging
|
|
Batting: SHB Brace Harper
|
0-0: Called Strike 0-1: Swinging Strike 0-2: Ball 1-2: Ball 2-2: Fly out, F8 (Flyball, 8LD, EV 90.0 MPH)
|
| Top of the 6th over - 0 runs, 0 hits, 0 errors, 0 left on base; Spokane 2 - Tri-City 2 |
| BOTTOM OF THE 6TH |
|
Tri-City ValleyCats batting - Pitching for Spokane Indians : RHP Brian Ramirez
|
|
Batting: LHB Wade Girard
|
0-0: Foul Ball, location: 2F 0-1: Called Strike 0-2: Ball 1-2: Strikes out swinging
|
|
Batting: RHB Josh Broome
|
0-0: Ball 1-0: Foul Ball, location: 2F 1-1: Called Strike 1-2: Ground out 1-3 (Groundball, 15S, EV 75.0 MPH)
|
|
Batting: RHB Drew Coleman
|
0-0: Foul Ball, location: 2F 0-1: Ball 1-1: Ball 2-1: Ball 3-1: Base on Balls
|
|
Batting: SHB Terciero Ortiz
|
0-0: TRIPLE (Flyball, 89XD, EV 88.8 MPH) Drew Coleman scores
|
|
Batting: RHB Jason Monico
|
0-0: Swinging Strike 0-1: Foul Ball, location: 2F 0-2: SINGLE (Line Drive, 8LS, EV 88.1 MPH) Terciero Ortiz scores
|
|
Pitching: LHP Valery Sahanov
|
|
|
Batting: RHB John Moore
|
0-0: Called Strike 0-1: Ball 1-1: Foul Ball, location: 2F 1-2: Strikes out swinging
|
| Bottom of the 6th over - 2 runs, 2 hits, 0 errors, 1 left on base; Spokane 2 - Tri-City 4 |
| TOP OF THE 7TH |
|
Spokane Indians batting - Pitching for Tri-City ValleyCats : RHP Max Warburton
|
|
Now at 1B: Keith Goodwin
|
|
|
Batting: RHB Melvin Gomez
|
0-0: Foul Ball, location: 2F 0-1: Foul Ball, location: 2F 0-2: DOUBLE (Line Drive, 78XD, EV 106.2 MPH)
|
|
Pinch Hitting: LHB Brian Gray
|
0-0: Swinging Strike 0-1: Called Strike Melvin Gomez steals 3rd base 0-2: Ball 1-2: Ball Passed Ball! Melvin Gomez scores 2-2: Foul Ball, location: 2F 2-2: Strikes out looking
|
|
Batting: RHB Matthew Starr
|
0-0: Foul Ball, location: 2F 0-1: Foul Ball, location: 2F 0-2: Hit by Pitch
|
|
Batting: RHB Dale Aubrey
|
0-0: Ball 1-0: Ball 2-0: Foul Ball, location: 2F 2-1: Foul Ball, location: 2F 2-2: DOUBLE (Line Drive, 78XD, EV 113.1 MPH) Matthew Starr to third Runner from 3rd tries for Home, SAFE, no throw by LF
|
|
Batting: LHB Matt Patnaude
|
0-0: Ball 1-0: Ball 2-0: Foul Ball, location: 2F 2-1: Ball 3-1: Fly out, F9 (Line Drive, 9, EV 106.2 MPH)
|
|
Pitching: LHP T.J. Westover
|
|
|
Batting: RHB Antonio Morado
|
0-0: Called Strike 0-1: Ball 1-1: Called Strike 1-2: Foul Ball, location: 2F 1-2: Ball 2-2: Ball 3-2: Ground out 4-3 (Groundball, 4, EV 98.1 MPH)
|
| Top of the 7th over - 2 runs, 2 hits, 0 errors, 1 left on base; Spokane 4 - Tri-City 4 |
| BOTTOM OF THE 7TH |
|
Tri-City ValleyCats batting - Pitching for Spokane Indians : LHP Valery Sahanov
|
|
Now at 2B: Gabe Almazan
|
|
|
Batting: RHB Roberto Rios
|
0-0: Called Strike 0-1: Ball 1-1: Swinging Strike 1-2: Ball 2-2: Ball 3-2: Strikes out looking
|
|
Batting: LHB Lou Toth
|
0-0: Called Strike 0-1: Ball 1-1: Ball 2-1: Ball 3-1: Base on Balls
|
|
Batting: RHB Patrick Pinault
|
0-0: Foul Ball, location: 2F 0-1: Called Strike 0-2: Ball 1-2: Grounds into double play, 3-6-3 (Groundball, 3, EV 102.5 MPH)
|
| Bottom of the 7th over - 0 runs, 0 hits, 0 errors, 0 left on base; Spokane 4 - Tri-City 4 |
| TOP OF THE 8TH |
|
Spokane Indians batting - Pitching for Tri-City ValleyCats : LHP T.J. Westover
|
|
Pinch Hitting: RHB Kevin Whitenack
|
0-0: Called Strike 0-1: Fly out, F9 (Flyball, 89D, EV 88.8 MPH)
|
|
Batting: RHB Zach Koblinski
|
0-0: Ball 1-0: Ball 2-0: Ball 3-0: Base on Balls
|
|
Batting: SHB Brace Harper
|
0-0: Ball 1-0: Called Strike 1-1: Foul Ball, location: 2F 1-2: Foul Ball, location: 2F 1-2: Ball 2-2: Strikes out looking
|
|
Batting: RHB Melvin Gomez
|
0-0: Called Strike 0-1: Foul Ball, location: 2F 0-2: Ball 1-2: Ball 2-2: Strikes out looking
|
| Top of the 8th over - 0 runs, 0 hits, 0 errors, 1 left on base; Spokane 4 - Tri-City 4 |
| BOTTOM OF THE 8TH |
|
Tri-City ValleyCats batting - Pitching for Spokane Indians : LHP Valery Sahanov
|
|
Now in LF: Ron Corn
|
|
|
Batting: LHB Wade Girard
|
0-0: Ball 1-0: Called Strike 1-1: Called Strike 1-2: Foul Ball, location: 2F 1-2: Ground out 4-3 (Groundball, 4D, EV 98.1 MPH)
|
|
Batting: RHB Josh Broome
|
0-0: Called Strike 0-1: Ball 1-1: Ground out 4-3 (Groundball, 4, EV 95.0 MPH)
|
|
Batting: RHB Drew Coleman
|
0-0: Swinging Strike 0-1: Called Strike 0-2: Strikes out looking
|
| Bottom of the 8th over - 0 runs, 0 hits, 0 errors, 0 left on base; Spokane 4 - Tri-City 4 |
| TOP OF THE 9TH |
|
Spokane Indians batting - Pitching for Tri-City ValleyCats : LHP T.J. Westover
|
|
Batting: RHB Gabe Almazan
|
0-0: Called Strike 0-1: Ground out 6-3 (Groundball, 6, EV 82.5 MPH)
|
|
Batting: RHB Matthew Starr
|
0-0: Foul Ball, location: 2F 0-1: Foul Ball, location: 2F 0-2: Ball 1-2: Ball 2-2: Strikes out swinging
|
|
Batting: RHB Dale Aubrey
|
0-0: SINGLE (Line Drive, 56D, EV 105.0 MPH)
|
|
Pinch Hitting: RHB Scott King
|
0-0: Called Strike Dale Aubrey is caught stealing 2nd base 2-4
|
| Top of the 9th over - 0 runs, 1 hit, 0 errors, 0 left on base; Spokane 4 - Tri-City 4 |
| BOTTOM OF THE 9TH |
|
Tri-City ValleyCats batting - Pitching for Spokane Indians : LHP Valery Sahanov
|
|
Now in LF: Vinny Luna
|
|
|
Now in RF: Ron Corn
|
|
|
Batting: RHB Keith Goodwin
|
0-0: Called Strike 0-1: Foul Ball, location: 2F 0-2: Strikes out swinging
|
|
Batting: RHB Jason Monico
|
0-0: Fly out, F8 (Flyball, 8LD, EV 100.0 MPH)
|
|
Batting: RHB John Moore
|
0-0: Ball 1-0: Called Strike 1-1: Ball 2-1: Foul Ball, location: 2F 2-2: Strikes out looking
|
| Bottom of the 9th over - 0 runs, 0 hits, 0 errors, 0 left on base; Spokane 4 - Tri-City 4 |
| TOP OF THE 10TH |
|
Spokane Indians batting - Pitching for Tri-City ValleyCats : LHP T.J. Westover
|
|
Batting: RHB Vinny Luna
|
0-0: Called Strike 0-1: Swinging Strike 0-2: Ball 1-2: Foul Ball, location: 2F 1-2: Ball 2-2: Foul Ball, location: 3F, Error on foul ball, E3 2-2: Ball 3-2: Fly out, F8 (Flyball, 8LXD, EV 107.5 MPH)
|
|
Pitching: LHP Shane Robinson
|
|
|
Batting: RHB Antonio Morado
|
0-0: Ground out 4-3 (Groundball, 4, EV 97.5 MPH)
|
|
Batting: RHB Ron Corn
|
0-0: Fly out, F9 (Flyball, 89D, EV 93.1 MPH)
|
| Top of the 10th over - 0 runs, 0 hits, 1 error, 0 left on base; Spokane 4 - Tri-City 4 |
| BOTTOM OF THE 10TH |
|
Tri-City ValleyCats batting - Pitching for Spokane Indians : LHP Valery Sahanov
|
|
Pitching: RHP Arturo Vargas
|
|
|
Pinch Hitting: RHB Roger Pelley
|
0-0: SINGLE (Groundball, 56D, EV 99.4 MPH)
|
|
Batting: LHB Lou Toth
|
0-0: Fielders Choice at 2nd, 3-6 (Groundball, 3, EV 94.4 MPH)
|
|
Batting: RHB Patrick Pinault
|
0-0: Ball 1-0: Ball 2-0: Called Strike 2-1: Ball 3-1: Called Strike 3-2: Foul Ball, location: 2F 3-2: Fly out, F7 (Line Drive, 78M, EV 85.6 MPH)
|
|
Batting: LHB Wade Girard
|
0-0: Ball 1-0: Ball 2-0: Swinging Strike 2-1: Ground out 4-3 (Groundball, 34D, EV 81.9 MPH)
|
| Bottom of the 10th over - 0 runs, 1 hit, 0 errors, 1 left on base; Spokane 4 - Tri-City 4 |
| TOP OF THE 11TH |
|
Spokane Indians batting - Pitching for Tri-City ValleyCats : LHP Shane Robinson
|
|
Now at C: Lu-po-teh Zhou
|
|
|
Batting: RHB Zach Koblinski
|
0-0: Ball 1-0: Called Strike 1-1: Swinging Strike 1-2: Strikes out swinging
|
|
Batting: SHB Brace Harper
|
0-0: Ball 1-0: Ball 2-0: Ground out 6-3 (Groundball, 6, EV 86.2 MPH)
|
|
Batting: RHB Melvin Gomez
|
0-0: Swinging Strike 0-1: Foul Ball, location: 2F 0-2: Ground out 4-3 (Groundball, 4S, EV 91.2 MPH)
|
| Top of the 11th over - 0 runs, 0 hits, 0 errors, 0 left on base; Spokane 4 - Tri-City 4 |
| BOTTOM OF THE 11TH |
|
Tri-City ValleyCats batting - Pitching for Spokane Indians : RHP Arturo Vargas
|
|
Batting: RHB Josh Broome
|
0-0: Ball 1-0: Ball 2-0: Foul Ball, location: 2F 2-1: Foul Ball, location: 2F 2-2: Foul Ball, location: 2F 2-2: Strikes out swinging
|
|
Batting: RHB Drew Coleman
|
0-0: Ground out 5-3 (Groundball, 56, EV 80.0 MPH)
|
|
Batting: RHB Keith Goodwin
|
0-0: Ball 1-0: Ball 2-0: Ground out 6-3 (Groundball, 6, EV 86.2 MPH)
|
| Bottom of the 11th over - 0 runs, 0 hits, 0 errors, 0 left on base; Spokane 4 - Tri-City 4 |
| TOP OF THE 12TH |
|
Spokane Indians batting - Pitching for Tri-City ValleyCats : LHP Shane Robinson
|
|
Batting: RHB Gabe Almazan
|
0-0: Swinging Strike 0-1: Ball 1-1: Ground out 6-3 (Groundball, 6, EV 95.6 MPH)
|
|
Batting: RHB Matthew Starr
|
0-0: Ball 1-0: Ball 2-0: Ball 3-0: Base on Balls
|
|
Batting: RHB Dale Aubrey
|
0-0: Ball 1-0: Ball 2-0: Ball Matthew Starr is caught stealing 2nd base 2-4 3-0: Called Strike 3-1: Called Strike 3-2: Strikes out swinging
|
| Top of the 12th over - 0 runs, 0 hits, 0 errors, 0 left on base; Spokane 4 - Tri-City 4 |
| BOTTOM OF THE 12TH |
|
Tri-City ValleyCats batting - Pitching for Spokane Indians : RHP Arturo Vargas
|
|
Batting: RHB Jason Monico
|
0-0: Called Strike 0-1: Ground out 5-3 (Groundball, 56S, EV 71.2 MPH)
|
|
Batting: RHB John Moore
|
0-0: Ball 1-0: Foul Ball, location: 2F 1-1: Called Strike 1-2: Ball 2-2: Foul Ball, location: 2F 2-2: Foul Ball, location: 2F 2-2: Ball 3-2: Fly out, F9 (Flyball, 89M, EV 83.1 MPH)
|
|
Batting: LHB Lu-po-teh Zhou
|
0-0: Foul Ball, location: 2F 0-1: SINGLE (Line Drive, 9S, EV 97.5 MPH)
|
|
Pitching: RHP John Carbonneau
|
|
|
Batting: LHB Lou Toth
|
0-0: Ball 1-0: Swinging Strike Balk! Lu-po-teh Zhou to second 1-1: Ground out U3 (Groundball, 3S, EV 78.8 MPH)
|
| Bottom of the 12th over - 0 runs, 1 hit, 0 errors, 1 left on base; Spokane 4 - Tri-City 4 |
| TOP OF THE 13TH |
|
Spokane Indians batting - Pitching for Tri-City ValleyCats : LHP Shane Robinson
|
|
Pitching: RHP Francisco Tejada
|
|
|
Pinch Hitting: LHB Gabriel Graves
|
0-0: Foul Ball, location: 2F 0-1: Foul Ball, location: 2F 0-2: Ball 1-2: Strikes out swinging
|
|
Pinch Hitting: SHB David Simpson
|
0-0: Foul Ball, location: 2F 0-1: Ball 1-1: Ball 2-1: Ball 3-1: Foul Ball, location: 2F 3-2: Base on Balls
|
|
Pinch Hitting: LHB Lee Gerken
|
0-0: Called Strike David Simpson steals 2nd base 0-1: Swinging Strike 0-2: Ball 1-2: Strikes out looking
|
|
Pinch Hitting: LHB Yat-sen Zhu
|
0-0: Intentional Walk
|
|
Batting: SHB Brace Harper
|
0-0: Ball 1-0: Called Strike 1-1: Ball Balk! David Simpson to third Yat-sen Zhu to second 2-1: Foul Ball, location: 2F 2-2: Foul Ball, location: 2F 2-2: DOUBLE (Flyball, 78XD, EV 106.2 MPH) David Simpson scores Yat-sen Zhu scores
|
|
Pitching: RHP Vinny Salazar
|
|
|
Batting: RHB Melvin Gomez
|
0-0: Ball 1-0: Called Strike 1-1: Ball 2-1: Ball 3-1: Foul Ball, location: 2F 3-2: Foul Ball, location: 2F 3-2: Base on Balls
|
|
Batting: RHB Gabe Almazan
|
0-0: SINGLE (Groundball, 4MS, EV 65.0 MPH) (infield hit) Brace Harper to third Melvin Gomez to second
|
|
Batting: RHB Matthew Starr
|
0-0: Ball 1-0: Called Strike 1-1: Ball 2-1: Ball 3-1: Called Strike 3-2: Base on Balls Brace Harper scores Melvin Gomez to third Gabe Almazan to second
|
|
Batting: RHB Dale Aubrey
|
0-0: Foul Ball, location: 2F 0-1: SINGLE (Flyball, 9LS, EV 90.0 MPH) Melvin Gomez scores Gabe Almazan to third Matthew Starr to second
|
|
Batting: LHB Gabriel Graves
|
0-0: Foul Ball, location: 2F 0-1: Ball 1-1: Ball 2-1: Ball 3-1: Base on Balls Gabe Almazan scores Matthew Starr to third Dale Aubrey to second
|
|
Pitching: RHP Jeremy Mash
|
|
|
Batting: SHB David Simpson
|
0-0: Called Strike 0-1: Foul Ball, location: 2F 0-2: Ball 1-2: Strikes out swinging
|
| Top of the 13th over - 5 runs, 3 hits, 0 errors, 3 left on base; Spokane 9 - Tri-City 4 |
| BOTTOM OF THE 13TH |
|
Tri-City ValleyCats batting - Pitching for Spokane Indians : RHP John Carbonneau
|
|
Now at C: Gavin Fimple
|
|
|
Now at 3B: Yat-sen Zhu
|
|
|
Now at SS: Brace Harper
|
|
|
Now in LF: Nick Solberg
|
|
|
Now in RF: Pablo Cardona
|
|
|
Batting: RHB Patrick Pinault
|
0-0: Foul Ball, location: 2F 0-1: Ball 1-1: Called Strike 1-2: Ball 2-2: Foul Ball, location: 2F 2-2: Strikes out swinging
|
|
Pitching: RHP Victor Nunez
|
|
|
Batting: LHB Wade Girard
|
0-0: Ball 1-0: Ball 2-0: Ball 3-0: Swinging Strike 3-1: Foul Ball, location: 2F 3-2: Strikes out looking
|
|
Batting: RHB Josh Broome
|
0-0: SINGLE (Flyball, 4D, EV 85.6 MPH)
|
|
Batting: RHB Drew Coleman
|
0-0: Ball 1-0: SINGLE (Line Drive, 78S, EV 109.4 MPH) Josh Broome to second
|
|
Batting: RHB Keith Goodwin
|
0-0: Ball 1-0: Foul Ball, location: 2F 1-1: Foul Ball, location: 2F 1-2: Ball 2-2: Ground out U3 (Groundball, 34, EV 104.4 MPH)
|
| Bottom of the 13th over - 0 runs, 2 hits, 0 errors, 2 left on base; Spokane 9 - Tri-City 4 |
|